 Dungeon Crawl Stone Soup version 0.28.0-45-g0d030f2227 (webtiles) character file.

Game seed: 12348572371507555201

8259 Icepheonix32 the Cutter (level 11, 0/81 HPs)
             Began as a Demonspawn Fighter on Apr 15, 2022.
             Was a Believer of Uskayaw.
             Slain by an eight-headed hydra (10 damage)
             ... on level 10 of the Dungeon.
             The game lasted 00:20:10 (13603 turns).

Icepheonix32 the Cutter (Demonspawn Fighter)       Turns: 13603, Time: 00:20:11

Health: 0/81       AC: 13    Str: 21    XL:     11   Next: 7%
Magic:  13/13      EV: 10    Int:  8    God:    Uskayaw [**....]
Gold:   172        SH:  9    Dex: 12    Spells: 11/11 levels left

rFire   + . .      SeeInvis .   d - +4 rapier (speed)
rCold   + . .      Faith    .   c - +0 buckler
rNeg    . . .      Spirit   .   f - +2 scale mail {rF+}
rPois   .          Reflect  .   (no helmet)
rElec   .          Harm     .   e - +0 cloak
rCorr   +          Rampage  +   (no gloves)
Will    .....                   (no boots)
Stlth   +.........              q - amulet "Ulauwnuo" {RegenMP Rampage +Blink rC+ Int-2}
HPRegen 0.23/turn               h - ring of resist corrosion
MPRegen 0.53/turn               (no ring)

@: no status effects
A: hooves 2, molten scales 1, condensation shield, demonic magic 1, low MP 1,
sense surroundings 1
a: Renounce Religion, Evoke Blink, Stomp, Line Pass


You were on level 10 of the Dungeon.
You worshipped Uskayaw.
Uskayaw was noncommittal.
You visited 2 branches of the dungeon, and saw 11 of its levels.
You also visited: Bailey.

You collected 418 gold pieces.
You spent 246 gold pieces at shops.

Inventory:

Hand Weapons
 d - a +4 rapier of speed (weapon)
 k - a +1 short sword of draining
 J - a +1 hunting sling of flaming
 P - a +0 hand crossbow
Missiles
 i - a throwing net (quivered)
 w - 15 boomerangs
 D - 18 poisoned darts
 F - 8 atropa-tipped darts
 I - a curare-tipped dart
 K - 13 sling bullets
Armour
 c - a +0 buckler (worn)
 e - a +0 cloak (worn)
 f - a +2 scale mail of fire resistance (worn)
 j - a scarf of shadows
 r - a +0 pair of boots
 y - a +0 chain mail
 C - a +0 plate armour
 O - a +0 troll leather armour
Jewellery
 a - a ring of ice
 h - a ring of resist corrosion (left hand)
 q - the amulet "Ulauwnuo" (around neck) {RegenMP Rampage +Blink rC+ Int-2}
   (You found it on level 3 of the Dungeon)

   [amulet of magic regeneration]

   It increases your rate of magic regeneration.
   Int:       It affects your intelligence (-2).
   rC:        It protects you from cold.
   +Blink:    It lets you blink.
   Rampage:   It bestows one free step when moving towards enemies.
 t - an amulet of the acrobat
Wands
 g - a wand of flame (25)
 n - a wand of digging (5)
 E - a wand of paralysis (13)
 G - a wand of acid (6)
 H - a wand of charming (10)
Scrolls
 o - a scroll of enchant armour
 s - 2 scrolls of fear
 v - 3 scrolls of fog
 z - a scroll of blinking
 A - 6 scrolls of teleportation
 B - a scroll of brand weapon
 L - a scroll of identify
 Q - a scroll of holy word {unknown}
Potions
 b - 2 potions of mutation
 l - a potion of might
 m - 2 potions of flight
 p - a potion of attraction
 u - a potion of haste
 x - 2 potions of invisibility
 M - a potion of ambrosia
 N - 2 potions of heal wounds


   Skills:
 * Level 6.2 Fighting
 + Level 7.4(7.8) Short Blades
 - Level 3.2(5.8) Long Blades
 + Level 0.1(0.3) Slings
 + Level 0.6(0.7) Throwing
 + Level 6.9 Armour
 + Level 3.0 Dodging
 + Level 3.6 Stealth
 * Level 7.3 Shields
 * Level 0.5 Spellcasting
 * Level 5.2 Invocations
 * Level 6.0 Evocations


You had 11 spell levels left.
You didn't know any spells.
Your spell library contained the following spells:

 Spells                   Type           Power      Damage    Failure   Level
 Animate Skeleton         Necr           0%         N/A       78%         1
 Apportation              Tloc           0%         N/A       78%         1
 Sandblast                Erth           0%         2d4       78%         1
 Summon Small Mammal      Summ           0%         N/A       78%         1
 Blink                    Tloc           0%         N/A       89%         2
 Passwall                 Tmut/Erth      0%         N/A       89%         2
 Sublimation of Blood     Necr           0%         N/A       89%         2
 Gell's Gravitas          Tloc           0%         N/A       98%         3
 Lesser Beckoning         Tloc           0%         N/A       98%         3
 Ozocubu's Armour         Ice            0%         N/A       98%         3
 Stone Arrow              Conj/Erth      0%         3d7       98%         3
 Teleport Other           Tloc           0%         N/A       98%         3
 Tukima's Dance           Hex            0%         N/A       98%         3
 Anguish                  Hex/Necr       0%         N/A       100%        4
 Petrify                  Tmut/Erth      0%         N/A       100%        4
 Blade Hands              Tmut           0%         N/A       100%        5
 Fireball                 Conj/Fire      0%         3d3       100%        5
 Irradiate                Conj/Tmut      0%         3d13      100%        5
 Iskenderun's Battlesphe  Conj           0%         2d6       100%        5
 Manifold Assault         Tloc           0%         N/A       100%        5
 Metabolic Englaciation   Hex/Ice        0%         N/A       100%        5
 Conjure Ball Lightning   Conj/Air       0%         3x3d6     100%        6
 Simulacrum               Ice/Necr       0%         N/A       100%        6
 Dragon Form              Tmut           0%         N/A       100%        7
 Enfeeble                 Hex            0%         N/A       100%        7
 Orb of Destruction       Conj           0%         9d5       100%        7


Dungeon Overview and Level Annotations

Branches:
Dungeon (10/15)            Temple (1/1) D:6            Lair (0/6) D:10
 Bailey (visited)
    Orc: D:9-12

Altars:
Ashenzari
Cheibriados
Dithmenos
Elyvilon
Fedhas
Gozag
Hepliaklqana
Kikubaaqudgha
Makhleb
Nemelex Xobeh
Okawaru
Qazlal
Ru
Sif Muna
Trog
Uskayaw
Vehumet
Wu Jian
Xom
Yredelemnul
Zin
The Shining One

Shops:
D:5 !**   D:6 *


Innate Abilities, Weirdness & Mutations

You have hoof-like feet.
You are partially covered in molten scales. (AC +2)
A meltable shield of frost defends you. (SH +4)
Spells you cast may paralyse adjacent enemies.
Your magical capacity is low. (-10% MP)
You passively map a small area around you.


Message History

The eight-headed hydra completely misses you.
The eight-headed hydra bites you but does no damage.
The eight-headed hydra bites you!
Unknown command.
You feel much better. The eight-headed hydra bites you!
The eight-headed hydra bites you. x2
You block the eight-headed hydra's attack.
The eight-headed hydra bites you but does no damage.
You block the eight-headed hydra's attack.
The eight-headed hydra closely misses you.
The eight-headed hydra bites you but does no damage.
Your hands tingle!
d - a +4 rapier of speed (weapon)
You puncture the eight-headed hydra!
The eight-headed hydra is moderately wounded.
The eight-headed hydra bites you but does no damage.
You block the eight-headed hydra's attack. x2
The eight-headed hydra bites you!
* * * LOW HITPOINT WARNING * * *
The eight-headed hydra bites you but does no damage.
The eight-headed hydra closely misses you.
The eight-headed hydra bites you but does no damage.
The eight-headed hydra bites you.
* * * LOW HITPOINT WARNING * * *
You puncture the eight-headed hydra! You kick the eight-headed hydra.
The eight-headed hydra is moderately wounded.
You can now pass through a line of other dancers.
Unknown command.
You barely miss the eight-headed hydra.
The eight-headed hydra is moderately wounded.
The eight-headed hydra bites you.
* * * LOW HITPOINT WARNING * * *
The eight-headed hydra bites you but does no damage.
The eight-headed hydra bites you.
* * * LOW HITPOINT WARNING * * *
The eight-headed hydra bites you.
* * * LOW HITPOINT WARNING * * *
The eight-headed hydra barely misses you.
The eight-headed hydra bites you!
You die...

#..##.......#.#########.# #....
#..#........#.# #.# #....
...#........#.#########.# #...≈
...#.<......#.##........# #.≈.≈
...#........#.##.....##.# #..≈≈
...#.....#######.....#### ##..≈≈
...########... #.....# , #....≈
.........#.....#.....# , ,#....≈
.........#.....D@.8..+, , #...≈≈
.........#.....#.....# ,, #...≈≈
...########... #.....#* , #..≈.≈
...'.....#########+#########..≈≈≈
...#.........#.# , #..'......≈≈
...#.........#.# ,#..#.....≈≈≈
...#.........#.# #>.#[##....≈
...###########.#,,, #..#.#..)..≈
...............#*,,, ####[#...≈≈≈


You could see an eight-headed hydra (drained).

Vanquished Creatures
  Harold (D:8)
  Maurice (D:8)
  Joseph (D:8)
  A komodo dragon (D:10)
  Psyche (D:9)
  A kobold demonologist (D:10)
  3 trolls
  A hornet (D:9)
  Sigmund (D:5)
  A wyvern (D:8)
  Eustachio (D:4)
  Menkaure (D:5)
  Edmund (D:4)
  2 acid dragons
  Duvessa (D:5)
  A water moccasin (D:5)
  A swamp drake (D:10)
  2 orc warriors
  3 black bears
  2 necrophages (D:5)
  3 ogres
  A centaur (D:4)
  6 wolves (D:10)
  5 kobold brigands
  A gnoll sergeant (D:9)
  3 bullfrogs
  A scorpion (D:6)
  2 wyvern zombies
  A water moccasin zombie (D:5)
  A water moccasin skeleton (D:5)
  4 killer bees
  2 howler monkeys (D:9)
  4 hounds
  A jelly (D:6)
  5 centaur zombies
  2 orc priests
  2 bullfrog skeletons (D:5)
  2 centaur skeletons
  3 gnoll shamans
  Jessica (D:3)
  3 iguanas
  Ijyb (D:3)
  Natasha (thrice) (D:3)
  2 orc wizards
  A killer bee zombie (D:7)
  A hound zombie (D:5)
  3 howler monkey zombies
  21 gnolls
  5 adders
  An adder skeleton (D:4)
  A worm (D:2)
  4 dart slugs
  11 orcs
  6 endoplasms
  3 giant cockroaches
  7 goblins
  4 hobgoblins
  6 jackals
  16 kobolds
  6 quokkas
  7 ball pythons
  4 bats
  6 frilled lizards
  A rat (D:3)
200 creatures vanquished.

Vanquished Creatures (others)
  A wyvern skeleton (D:6)
1 creature vanquished.

Grand Total: 201 creatures vanquished

Notes
Turn   | Place    | Note
-------+----------+-------------------------------------------
     0 | D:1      | Icepheonix32 the Demonspawn Fighter began the quest for the
                  | Orb.
     0 | D:1      | Reached XP level 1. HP: 18/18 MP: 1/1
   152 | D:1      | Gained mutation: You are partially covered in molten
                  | scales. (AC +2) [demonic ancestry]
   152 | D:1      | Reached XP level 2. HP: 15/24 MP: 2/2
   657 | D:1      | Reached XP level 3. HP: 29/29 MP: 3/3
  1325 | D:2      | Gained mutation: You have large cloven feet. [demonic
                  | ancestry]
  1325 | D:2      | Reached XP level 4. HP: 35/35 MP: 4/4
  2021 | D:3      | Noticed Natasha
  2027 | D:3      | Killed Natasha
  2182 | D:3      | Noticed Natasha
  2187 | D:3      | Killed Natasha
  2188 | D:3      | Reached skill level 1 in Stealth
  2188 | D:3      | Reached XP level 5. HP: 40/41 MP: 5/5
  2233 | D:3      | Noticed Ijyb
  2246 | D:3      | Killed Ijyb
  2434 | D:3      | Noticed Natasha
  2440 | D:3      | Killed Natasha
  2462 | D:3      | Identified the amulet "Ulauwnuo" {RegenMP Rampage +Blink
                  | rC+ Int-2}
  2489 | D:3      | Noticed Jessica
  2498 | D:3      | Killed Jessica
  2715 | D:4      | Noticed Eustachio
  2871 | D:3      | Gained mutation: A meltable shield of frost defends you.
                  | (SH +4) [demonic ancestry]
  2871 | D:3      | Reached XP level 6. HP: 7/48 MP: 6/6
  3232 | D:4      | Noticed Edmund
  3248 | D:4      | Killed Edmund
  3249 | D:4      | Reached skill level 1 in Short Blades
  3249 | D:4      | Reached skill level 1 in Dodging
  3249 | D:4      | Reached skill level 1 in Evocations
  3393 | D:4      | Reached XP level 7. HP: 31/54 MP: 7/7
  3600 | D:4      | Killed Eustachio
  4190 | D:5      | Entered Level 5 of the Dungeon
  4305 | D:5      | Reached XP level 8. HP: 58/61 MP: 8/8
  4539 | D:5      | Noticed Sigmund
  4643 | D:5      | Killed Sigmund
  4644 | D:5      | Reached skill level 5 in Armour
  4745 | D:5      | Noticed Menkaure
  4755 | D:5      | Killed Menkaure
  5006 | D:5      | Reached skill level 5 in Shields
  5376 | D:5      | Found Peto's Distillery.
  5384 | D:5      | Bought a potion of lignification for 42 gold pieces
  5612 | D:5      | Noticed Duvessa
  5622 | D:5      | Noticed Dowan
  5633 | D:5      | Killed Duvessa
  5639 | D:5      | Noticed Dowan
  5639 | D:5      | Dowan changed into Dowan the killer bee
  5646 | D:5      | Killed Dowan the killer bee
  5647 | D:5      | Reached skill level 5 in Short Blades
  5647 | D:5      | Reached XP level 9. HP: 32/67 MP: 9/9
  6014 | D:5      | Found Cuymeux's General Store.
  6016 | D:5      | Found Locuna's Specific Store.
  6024 | D:5      | Bought 2 scrolls of identify for 60 gold pieces
  6412 | D:6      | Found Cath's Assorted Antiques.
  6446 | D:6      | Reached skill level 5 in Fighting
  6527 | D:6      | Bought a scroll labelled MEJON SUVAGO for 24 gold pieces
  6958 | D:6      | Found a staircase to the Ecumenical Temple.
  7078 | Temple   | Entered the Ecumenical Temple
  7368 | Temple   | Became a worshipper of Uskayaw the Reveller
  7490 | D:6      | Reached * piety under Uskayaw
  7506 | D:6      | Found a blossoming altar of Fedhas.
  7844 | D:7      | Found a flagged portal.
  7873 | D:7      | Reached ** piety under Uskayaw
  7914 | Bailey   | Entered a bailey
  7945 | Bailey   | Reached *** piety under Uskayaw
  7947 | Bailey   | Reached **** piety under Uskayaw
  7957 | Bailey   | Reached ***** piety under Uskayaw
  8071 | Bailey   | Reached skill level 1 in Invocations
  8272 | Bailey   | Found a burning altar of Makhleb.
  8369 | D:7      | Found a broken altar of Ashenzari.
  8925 | D:7      | Found a shimmering altar of Xom.
  9352 | D:8      | Noticed Joseph
  9366 | D:8      | Killed Joseph
  9880 | D:8      | Noticed Harold
  9885 | D:8      | Noticed Maurice
  9905 | D:8      | Killed Harold
  9906 | D:8      | Reached skill level 5 in Evocations
  9906 | D:8      | Gained mutation: You have hoof-like feet. [demonic
                  | ancestry]
  9906 | D:8      | Reached XP level 10. HP: 25/74 MP: 10/12
  9938 | D:8      | Killed Maurice
 10391 | D:6      | Bought a potion of heal wounds for 120 gold pieces
 10688 | D:9      | Gained mutation: You have hooves in place of feet. [potion
                  | of mutation]
 10773 | D:9      | Found a radiant altar of Vehumet.
 11054 | D:9      | Noticed Psyche
 11063 | D:9      | Killed Psyche
 11975 | D:10     | Entered Level 10 of the Dungeon
 12420 | D:10     | Reached skill level 5 in Invocations
 12589 | D:10     | Gained mutation: Spells you cast may paralyse adjacent
                  | enemies. [demonic ancestry]
 12589 | D:10     | Reached XP level 11. HP: 75/81 MP: 14/14
 12787 | D:10     | Found a staircase to the Lair.
 12926 | D:10     | Lost mutation: You have hooves in place of feet. [potion of
                  | mutation]
 12926 | D:10     | Gained mutation: You have hooves in place of feet. [potion
                  | of mutation]
 12926 | D:10     | Gained mutation: You have hidden genetic defects. [potion
                  | of mutation]
 12926 | D:10     | Gained mutation: You are covered in fur. (AC +1) [potion of
                  | mutation]
 12927 | D:10     | Lost mutation: You are covered in fur. (AC +1) [potion of
                  | mutation]
 12927 | D:10     | Lost mutation: You have hidden genetic defects. [potion of
                  | mutation]
 12927 | D:10     | Gained mutation: You are clumsy. (Dex -2) [potion of
                  | mutation]
 12928 | D:10     | Lost mutation: You have hooves in place of feet. [potion of
                  | mutation]
 12928 | D:10     | Lost mutation: You are clumsy. (Dex -2) [potion of
                  | mutation]
 12928 | D:10     | Gained mutation: You passively map a small area around you.
                  | [potion of mutation]
 12928 | D:10     | Gained mutation: Your magical capacity is low. (-10% MP)
                  | [potion of mutation]
 13592 | D:10     | Noticed an eight-headed hydra
 13603 | D:10     | Slain by an eight-headed hydra

Illustrated notes

Levels and vault maps discovered:
D:1:      lightli_arrival_boilingwater, layout_basic,
          hangedman_decor_diamond_cutter
D:2:      layout_basic, minmay_box_of_dots
D:3:      layout_loops_ring, minmay_misc_feat_nine_boxes, uniq_jessica,
          uniq_natasha, uniq_ijyb
D:4:      layout_basic, uniq_edmund, uniq_eustachio
D:5:      layout_layer_cave, serial_shops, shop, grunt_ministairs_1,
          hangedman_abyss_or_decor_lesser_grid, nicolae_specific_store,
          uniq_menkaure, uniq_sigmund, uniq_duvessa
D:6:      layout_rooms, lemuel_coloured_pillars_altar, lemuel_temple_firewalk_a,
          serial_shops, nicolae_shop_temple_entry_statues_fountains
D:7:      layout_layer_cave, ashenzari_altar_1, kennysheep_mini_moat,
          enter_bailey_6, nrook_loot_triangle
D:8:      layout_basic, nicolae_two_hexagons, uniq_maurice, uniq_harold,
          uniq_joseph
D:9:      layout_stronghold, fiery_altar_vehumet, uniq_psyche
D:10:     layout_irregular_city, erik_lair_island, minmay_three_doors
Temple:   dpeg_five_rooms_temple

Skill      XL: |  1  2  3  4  5  6  7  8  9 10 11 |
---------------+----------------------------------+-----
Armour         | 3 4 5 6 |  6.9
Long Blades    | 2 3 |  3.2
Stealth        | 1 2 3 |  3.6
Shields        | 3 4 5 6 7 |  7.3
Fighting       | 4 5 6 |  6.2
Short Blades   | 2 3 5 6 7 |  7.4
Dodging        | 1 2 3 |  3.0
Evocations     | 1 2 3 5 6 |  6.0
Invocations    | 3 5 |  5.2
Slings         | |  0.1
Throwing       | |  0.6
Spellcasting   | |  0.5

Action                   |  1- 3 |  4- 6 |  7- 9 | 10-12 || total
-------------------------+-------+-------+-------+-------++-------
Melee: Long sword        |   125 |    44 |       |       ||   169
       Kick              |       |    44 |   126 |    61 ||   231
       Short sword       |       |    98 |    83 |   125 ||   306
       Rapier            |       |       |   345 |   121 ||   466
 Fire: Hunting sling     |       |       |     2 |       ||     2
Throw: Boomerang         |       |       |    16 |     2 ||    18
       Dart              |       |       |     1 |       ||     1
       Throwing net      |       |       |       |     1 ||     1
Evoke: Wand              |       |       |     2 |     6 ||     8
  Use: Potion            |     1 |     2 |     4 |     7 ||    14
       Scroll            |     1 |       |    15 |     3 ||    19
 Stab: Paralysed         |       |       |    11 |    13 ||    24
Armor: Scale mail        |    65 |    60 |   110 |   122 ||   357
       Skin              |       |       |     8 |       ||     8
Dodge: Dodged            |    55 |    59 |   132 |   102 ||   348
Block: Buckler           |    12 |    49 |   135 |   111 ||   307
